 Dungeon Crawl Stone Soup version 0.27-a0-887-gcab673c142 (webtiles) character file.

Game seed: 5155494444369197419

165 dolemite99 the Ruffian (level 5, -3/46 HPs)
             Began as a Troll Transmuter on Apr 3, 2021.
             Was an Initiate of Makhleb.
             Slain by Pikel
             ... wielding a +1 whip of electrocution
              (5 damage)
             ... on level 4 of the Dungeon.
             The game lasted 00:03:02 (3029 turns).

dolemite99 the Ruffian (Troll Transmuter)           Turns: 3029, Time: 00:03:03

Health: -3/46      AC:  4    Str: 18    XL:     5   Next: 22%
Magic:  4/5        EV:  9    Int: 10    God:    Makhleb [......]
Gold:   181        SH:  0    Dex: 10    Spells: 5/6 levels left

rFire    . . .     SeeInvis .     - Unarmed
rCold    . . .     Faith    .   (no shield)
rNeg     . . .     Spirit   .   a - +0 robe
rPois    .         Reflect  .   (helmet currently unavailable)
rElec    .         Harm     .   (no cloak)
rCorr    .         Rampage  .   (gloves unavailable)
Will     .....                  (boots unavailable)
Stlth    +.........             (no amulet)
HPRegen  1.15/turn              e - ring of wizardry
MPRegen  0.09/turn              (no ring)

@: appendages (expiring)
A: horns 2, talons 2, large, unfitting armour, claws 3, regeneration 1, shaggy
fur 1, tough skin 1
a: End Transformation, Renounce Religion


You were on level 4 of the Dungeon.
You worshipped Makhleb.
Makhleb was noncommittal.
You had temporarily grown beastly horns and talons.
You visited 1 branch of the dungeon, and saw 4 of its levels.

You collected 181 gold pieces.

Inventory:

Hand Weapons
 q - a +0 hunting sling
 r - a +0 hunting sling
Missiles
 i - 68 stones
 l - 12 arrows
 n - 38 sling bullets
Armour
 a - a +0 robe (worn)
Magical Staves
 g - a staff of fire
Jewellery
 e - a ring of wizardry (left claw)
 o - a +4 ring of protection
Scrolls
 b - 5 scrolls of identify {unknown}
 c - a scroll of enchant armour {unknown}
 h - a scroll of summoning {unknown}
 k - 2 scrolls of noise {unknown}
 p - a scroll of fear {unknown}
Potions
 d - a potion of might {unknown}
 f - a potion of heal wounds {unknown}
 j - 4 potions of resistance {unknown}
 m - a potion of brilliance {unknown}


   Skills:
 - Level 0.7 Fighting
 - Level 1.5 Dodging
 + Level 6.0 Unarmed Combat
 - Level 1.2 Spellcasting
 - Level 1.3 Transmutations


You had 5 spell levels left.
You knew the following spells:

 Your Spells              Type           Power      Damage    Failure   Level
a - Beastly Appendage     Tmut           6%         N/A       8%          1

Your spell library contained the following spells:

 Spells                   Type           Power      Damage    Failure   Level
 Wereblood                Tmut           3%         N/A       12%         2
 Spider Form              Tmut/Pois      1%         N/A       28%         3
 Confusing Touch          Hex            0%         N/A       38%         3
 Gell's Gravitas          Tloc           0%         N/A       38%         3
 Ice Form                 Ice/Tmut       2%         N/A       65%         4
 Petrify                  Tmut/Erth      2%         N/A       65%         4
 Hydra Form               Tmut           1%         N/A       88%         5
 Yara's Violent Unravell  Hex/Tmut       1%         3d3       93%         5
 Metabolic Englaciation   Hex/Ice        0%         N/A       97%         5


Dungeon Overview and Level Annotations

Branches:
Dungeon (4/15)
 Temple: D:4-7

Altars:
Kikubaaqudgha
Makhleb
Nemelex Xobeh

Annotations:
D:4 Pikel


Innate Abilities, Weirdness & Mutations

You have temporarily grown beastly horns and talons.
You are too large for most types of armour.
You have claws for hands.
Your natural rate of healing is unusually fast.
You are covered in fur. (AC +1)
You have tough skin. (AC +1)


Message History

Makhleb accepts your kill.
No target in view!
No target in view!
Found a stone staircase leading down.
Found a buckler and a book of Misfortune.
Found a stone staircase leading down.
Pikel shouts!
You see here a +0 buckler.
There is a stone staircase leading down here.
Casting: Beastly Appendage (safe; 8% risk of failure)
Confirm with . or Enter, or press ? or * to list all spells.
You grow a pair of large bovine horns.
Your feet morph into talons.
Pikel hits you with a +1 whip of electrocution.
You claw Pikel! Your kick misses Pikel. Your headbutt misses Pikel.
Pikel is heavily wounded.
Pikel hits you with a +1 whip of electrocution.
You are electrocuted!
You closely miss Pikel.
Pikel is heavily wounded.
Pikel hits you with a +1 whip of electrocution!
You closely miss Pikel.
Pikel is heavily wounded.
Pikel hits you with a +1 whip of electrocution.
You are electrocuted!
* * * LOW HITPOINT WARNING * * *
You scratch Pikel. Your headbutt misses Pikel.
Pikel is heavily wounded.
Pikel completely misses you.
You scratch Pikel but do no damage. You headbutt Pikel, but do no damage.
Pikel is heavily wounded.
You scratch Pikel but do no damage. You claw Pikel, but do no damage.
You headbutt Pikel.
Pikel is severely wounded.
Pikel hits you with a +1 whip of electrocution.
* * * LOW HITPOINT WARNING * * *
You barely miss Pikel. Your kick misses Pikel. Your headbutt misses Pikel.
Pikel is severely wounded.
Pikel says, "Hell isn't that bad."
Pikel hits you with a +1 whip of electrocution.
You die...

#. .# #.# #.##
##.####.# #
#..# #.>##...#
# #.###.##..###
# #.....#..## #
##...#...## ###
#[..##.### #..
#######>#.##.#
###..
.....:.@#.##.#
......
.......K.......
.......
...............
.......
..≈.≈.≈.≈≈≈..≈≈
≈≈...≈.
≈≈≈≈≈≈≈≈≈≈≈≈≈≈≈
≈≈≈≈≈≈≈
≈≈≈≈≈≈≈≈≈≈≈≈≈≈≈
≈≈≈≈≈≈≈
≈#####≈≈≈≈≈≈≈≈≈
≈≈≈≈≈≈
##########
######


You could see Pikel.

Vanquished Creatures
  4 lemures (D:3)
  Natasha (thrice) (D:3)
  3 adders
  A worm (D:2)
  A dart slug (D:1)
  An orc (D:3)
  7 endoplasms
  2 giant cockroaches
  10 goblins
  6 hobgoblins
  3 quokkas
  4 ball pythons
  5 bats
  2 frilled lizards
  7 kobolds
  6 rats
65 creatures vanquished.

Vanquished Creatures (others)
  2 plants (D:3)
2 creatures vanquished.

Grand Total: 67 creatures vanquished

Notes
Turn   | Place    | Note
-------+----------+-------------------------------------------
     0 | D:1      | dolemite99 the Troll Transmuter began the quest for the
                  | Orb.
     0 | D:1      | Reached XP level 1. HP: 18/18 MP: 1/1
    80 | D:1      | Reached XP level 2. HP: 26/26 MP: 2/2
   227 | D:1      | Reached skill level 4 in Unarmed Combat
   649 | D:1      | Reached XP level 3. HP: 32/32 MP: 3/3
   913 | D:2      | Found a burning altar of Makhleb.
   927 | D:2      | Became a worshipper of Makhleb the Destroyer
  1699 | D:3      | Reached XP level 4. HP: 40/40 MP: 4/4
  1704 | D:3      | Reached skill level 5 in Unarmed Combat
  1734 | D:3      | Noticed Natasha
  1738 | D:3      | Found an ancient bone altar of Kikubaaqudgha.
  1756 | D:3      | Killed Natasha
  1756 | D:3      | Reached * piety under Makhleb
  1838 | D:3      | Noticed Natasha
  1845 | D:3      | Killed Natasha
  1889 | D:3      | Noticed Natasha
  1946 | D:3      | Killed Natasha
  1947 | D:3      | Reached XP level 5. HP: 21/46 MP: 5/5
  2344 | D:4      | Noticed Pikel
  2344 | D:4      | Noticed a lemure
  2344 | D:4      | Noticed a lemure
  2344 | D:4      | Noticed a lemure
  2344 | D:4      | Noticed a lemure
  2371 | D:3      | Killed a lemure
  2378 | D:3      | Killed a lemure
  2546 | D:4      | Found a burning altar of Makhleb.
  2599 | D:4      | Found a sparkling altar of Nemelex Xobeh.
  2648 | D:3      | Killed a lemure
  2653 | D:3      | Killed a lemure
  2889 | D:4      | Reached skill level 6 in Unarmed Combat
  3025 | D:4      | HP: 2/46 [Pikel/+1 whip of electrocution (12)]
  3029 | D:4      | Slain by Pikel

Illustrated notes

Levels and vault maps discovered:
D:1:      minmay_arrival_four_loops, layout_rooms, minmay_quantized
D:2:      layout_basic, basic_altar
D:3:      layout_rooms, amcnicky_altar_gilded, interstate_on_off,
          serial_bayou_pond_b, minmay_misc_feat_plants, uniq_natasha
D:4:      minmay_goblin_kobold_castle, layout_rooms,
          nemelex_xobeh_ov_fountains_minmay, lemuel_doored_altar, zin_angel,
          grunt_ashenzari_visionary [grunt_ashenzari_visionary_swamp,
          grunt_ashenzari_visionary_spider], chequers_serial_rivers_micro_c,
          chequers_mini_garden, uniq_pikel, uniq_ijyb

Skill      XL: |  1  2  3  4  5 |
---------------+----------------+-----
Unarmed Combat | 4 5 6 |  6.0
Fighting       | |  0.7
Dodging        | |  1.5
Spellcasting   | |  1.2
Transmutations | |  1.3

Action                   |  1- 3 |  4- 6 || total
-------------------------+-------+-------++-------
Melee: Unarmed           |   129 |    87 ||   216
       Punch             |     2 |     2 ||     4
       Kick              |       |     5 ||     5
       Headbutt          |       |     5 ||     5
 Cast: Beastly Appendage |       |     5 ||     5
Armor: Robe              |    43 |    25 ||    68
Dodge: Dodged            |    44 |    46 ||    90

Table legend: (Time is in decaauts)
 A = Elapsed time spent in this place.
 B = Non-inter-level travel time spent in this place.
 C = Inter-level travel time spent in this place.
 D = Time resting spent in this place.
 E = Time spent auto-exploring this place.
 F = Levels seen in this place.
 G = Mean time per level.
                   A        B        C        D        E       F      G
               +--------+--------+--------+--------+--------+-----+--------+
         Total |   3026 |   2964 |     62 |    643 |   1716 |   4 |  756.5 |
       Dungeon |   3026 |   2964 |     62 |    643 |   1716 |   4 |  756.5 |
               +--------+--------+--------+--------+--------+-----+--------+

Top non-repeatable levels by time:
     D:3: 1296 daAuts
     D:2: 752 daAuts
     D:1: 693 daAuts
     D:4: 282 daAuts
